[Event "Titled Tuesday Blitz October 18 Late 2022"]
[White "Guliyev, Namig"]
[Black "Ezat, Mohamed"]
[WhiteFideId "13400363"]
[BlackFideId "10600906"]
[WhiteElo "2712"]
[BlackElo "2535"]
[Result "1-0"]
[Round "04"]
[TimeControl "180+1"]
[Date "2022.10.19"]
[WhiteClock "0:00:15"]
[BlackClock "0:00:01"]

1. e4 e5 2. Nf3 Nc6 3. Bb5 Nge7 4. O-O a6 5. Bc4 Ng6 6. d4 d6 7. Ng5 Nxd4 8. Nxf7 Qh4 9. Nxh8 Nxh8 10. Be3 Ng6 11. Nc3 Nf4 12. Bxd4 exd4 13. Nd5 Nxd5 14. exd5 Be7 15. Re1 Kf8 16. Qf3+ Bf6 17. Re4 Qh6 18. Rae1 Bd7 19. h3 Kg8 20. Bd3 Rf8 21. Qg3 Be5 22. Rxe5 dxe5 23. Qxe5 Qd2 24. Re2 Qc1+ 25. Kh2 c5 26. dxc6 Bxc6 27. Bc4+ Kh8 28. Qxd4 h6 29. f3 Qg5 30. Re5 Qf6 31. Qe3 Qd6 32. f4 Qf6 33. g3 Qd6 34. Bd3 Qb4 35. b3 Qc3 36. a4 Rd8 37. Re6 Qb2 38. Qe5 Qxe5 39. Rxe5 Rc8 40. g4 b5 41. a5 b4 42. Bxa6 Rd8 43. Bd3 1-0


[Site "https://www.chess.com"]

[Event "Titled Tuesday Blitz October 18 Late 2022"]
[White "Gunduz, Umut Erdem"]
[Black "Golubev, Mikhail"]
[WhiteFideId "6381383"]
[BlackFideId "14100983"]
[WhiteElo "2697"]
[BlackElo "2514"]
[Result "1-0"]
[Round "04"]
[TimeControl "180+1"]
[Date "2022.10.19"]
[WhiteClock "0:00:11"]
[BlackClock "0:00:02"]

1. e4 c5 2. Nf3 d6 3. d4 Nf6 4. Nc3 cxd4 5. Nxd4 g6 6. Be3 Bg7 7. f3 O-O 8. Qd2 Nc6 9. O-O-O d5 10. exd5 Nxd5 11. Nxc6 bxc6 12. Bd4 e5 13. Bc5 Be6 14. Ne4 Re8 15. c4 Nb6 16. Nd6 Re7 17. Be2 Rd7 18. Qc2 Qg5+ 19. Kb1 Qxg2 20. h4 Qg3 21. Be3 Rxd6 22. Rxd6 e4 23. Rxe6 fxe6 24. Qxe4 Re8 25. Qxc6 Rb8 26. Bc1 Qe5 27. Qe4 Qxe4+ 28. fxe4 Na4 29. Bg4 Bxb2 30. Bxe6+ Kg7 31. Kc2 Bxc1 32. Rxc1 Rb2+ 33. Kd3 Nc5+ 34. Kc3 Rxa2 35. Bd5 Rh2 36. Rf1 Rxh4 37. e5 Rh3+ 38. Kb4 Nd3+ 39. Kb5 Nxe5 40. c5 Rd3 41. Be4 Rd4 42. Bc2 Rd2 43. Be4 Rb2+ 44. Ka6 Rb4 45. Bd5 Rd4 46. Be6 Nd3 47. Kb5 Re4 48. Bd5 Re5 49. Kc4 Nxc5 50. Kxc5 h5 51. Rf7+ Kh6 52. Rxa7 h4 53. Kd4 Rf5 54. Ra3 Kg5 55. Be4 Rf1 56. Ke3 Re1+ 57. Kf3 h3 58. Ra2 1-0


[Site "https://www.chess.com"]

[Event "Titled Tuesday Blitz October 18 Late 2022"]
[White "Guzman Moneo, Alberto"]
[Black "Radovic, Janko"]
[WhiteFideId "2209616"]
[BlackFideId "911518"]
[WhiteElo "2157"]
[BlackElo "2318"]
[Result "1/2-1/2"]
[Round "04"]
[TimeControl "180+1"]
[Date "2022.10.19"]
[WhiteClock "0:00:48"]
[BlackClock "0:00:54"]

1. e4 c5 2. Nc3 d6 3. f4 Nc6 4. Nf3 e6 5. Bc4 Nf6 6. d3 Be7 7. a3 O-O 8. O-O a6 9. Qe1 b5 10. Bb3 Bb7 11. f5 d5 12. fxe6 fxe6 13. exd5 exd5 14. Qe6+ Kh8 15. Nxd5 Nxd5 16. Qxd5 Bd6 17. Qh5 Nd4 18. Ng5 Rxf1+ 19. Kxf1 Qf6+ 20. Kg1 h6 21. Nf7+ Kh7 22. Ng5+ Kh8 23. Nf7+ Kh7 24. Ng5+ Kh8 1/2-1/2


[Site "https://www.chess.com"]

[Event "Titled Tuesday Blitz October 18 Late 2022"]
[White "Hamidi, Amir Mohammad"]
[Black "Ballester Llagaria, Luis Eduardo"]
[WhiteFideId "12563285"]
[BlackFideId "2297620"]
[WhiteElo "2256"]
[BlackElo "2344"]
[Result "0-1"]
[Round "04"]
[TimeControl "180+1"]
[Date "2022.10.18"]
[WhiteClock "0:00:32"]
[BlackClock "0:00:18"]

1. d4 d5 2. c4 dxc4 3. e3 Nf6 4. Bxc4 e6 5. Nf3 a6 6. a4 c5 7. O-O b6 8. Qe2 Bb7 9. Rd1 Nbd7 10. Nc3 Qc7 11. d5 exd5 12. Nxd5 Nxd5 13. Bxd5 Bxd5 14. Rxd5 Be7 15. e4 Qb7 16. Rd1 O-O 17. Bf4 Rfe8 18. Qc2 Nf8 19. Be3 Ne6 20. Ne5 Rad8 21. h3 h6 22. Rac1 b5 23. axb5 axb5 24. Qb3 Qxe4 25. Nf3 b4 26. Ra1 c4 27. Qa4 Ra8 28. Qb5 c3 29. bxc3 bxc3 30. Rac1 Bf6 31. Ne1 Red8 32. Rxd8+ Rxd8 33. Nf3 Nf4 34. Bxf4 Qxf4 35. Rf1 c2 36. Qc6 Qf5 37. g4 Rc8 38. Qb7 Qe6 39. Rc1 Qc4 40. Ne1 Re8 41. Nxc2 Bg5 42. Qd7 Rc8 0-1


[Site "https://www.chess.com"]

[Event "Titled Tuesday Blitz October 18 Late 2022"]
[White "Hamitevici, Vladimir"]
[Black "Riehle, Marco"]
[WhiteFideId "13902393"]
[BlackFideId "12904392"]
[WhiteElo "2552"]
[BlackElo "2740"]
[Result "1/2-1/2"]
[Round "04"]
[TimeControl "180+1"]
[Date "2022.10.19"]
[WhiteClock "0:00:15"]
[BlackClock "0:00:12"]

1. b3 e5 2. Bb2 Nc6 3. c4 Nf6 4. e3 d5 5. cxd5 Nxd5 6. a3 Be6 7. Qc2 Be7 8. Nf3 f6 9. b4 O-O 10. Bd3 f5 11. Nxe5 Nxe5 12. Bxe5 Bf6 13. Bxf6 Qxf6 14. Nc3 Rad8 15. O-O Nxc3 16. dxc3 Bd5 17. e4 Bc6 18. Rad1 fxe4 19. Bxe4 Bxe4 20. Qxe4 Rxd1 21. Qc4+ Kh8 22. Rxd1 Qxf2+ 23. Kh1 h6 24. h3 c6 25. a4 Qc2 26. Rd7 Qc1+ 27. Kh2 Qe3 28. Qg4 Qxc3 29. Rxb7 a6 30. Qe4 a5 31. b5 cxb5 32. axb5 Qc5 33. b6 Qd6+ 34. Kg1 Rc8 35. Qe3 a4 36. Ra7 Qd1+ 37. Kh2 Qd6+ 38. Qg3 Qxg3+ 39. Kxg3 Rb8 40. b7 Kh7 41. Kf4 a3 42. Ke5 a2 43. Rxa2 Rxb7 44. Kf4 g5+ 45. Kg3 Kg6 46. Kh2 Rb6 47. Kg3 h5 48. Kh2 h4 49. Rc2 Re6 50. Ra2 Re4 51. Rb2 Kf5 52. Rc2 Re5 53. Rf2+ Ke4 54. Re2+ Kd4 55. Ra2 Ke3 56. Ra3+ Kf2 57. Ra4 Kf1 58. Rg4 Ke2 59. Kh1 Ke3 60. Kh2 Kf2 61. Kh1 Ke3 62. Kh2 Kf2 63. Kh1 Ke3 1/2-1/2


[Site "https://www.chess.com"]

[Event "Titled Tuesday Blitz October 18 Late 2022"]
[White "Hansen, Eric"]
[Black "Vlassov, Nikolai"]
[WhiteFideId "2606771"]
[BlackFideId "4103360"]
[WhiteElo "2568"]
[BlackElo "2324"]
[Result "1-0"]
[Round "04"]
[TimeControl "180+1"]
[Date "2022.10.18"]
[WhiteClock "0:00:10"]
[BlackClock "0:00:35"]

1. c4 e5 2. Nc3 Nf6 3. Nf3 Nc6 4. e3 Bb4 5. Qc2 O-O 6. a3 Bxc3 7. Qxc3 Re8 8. d3 d5 9. cxd5 Nxd5 10. Qc2 Bg4 11. Be2 Qd7 12. O-O Rad8 13. b4 a6 14. Bb2 Kh8 15. h3 Bh5 16. Rad1 f5 17. Nxe5 Nxe5 18. Bxh5 Re6 19. Rfe1 Ng6 20. Bxg6 Rxg6 21. f4 Qe6 22. Be5 c6 23. e4 Ne7 24. Kh2 h6 25. Rd2 Kh7 26. Rde2 Qd7 27. Re3 Nc8 28. d4 Rf8 29. exf5 Qxf5 30. Qxf5 Rxf5 31. g4 Rf7 32. f5 Rg5 33. Bf4 Nb6 34. Bxg5 hxg5 35. Re7 Kg8 36. Rxf7 Kxf7 37. Re6 Nc4 38. a4 a5 39. bxa5 Nxa5 40. d5 cxd5 41. Rd6 Ke7 42. Rxd5 Nc4 43. Rb5 Nd6 44. Re5+ Kd7 45. Re6 Ne8 46. Rg6 Ke7 47. Rxg5 1-0


[Site "https://www.chess.com"]

[Event "Titled Tuesday Blitz October 18 Late 2022"]
[White "Harvey, Marcus R"]
[Black "Urbina Perez, Juan Antonio"]
[WhiteFideId "400092"]
[BlackFideId "2217368"]
[WhiteElo "2700"]
[BlackElo "2530"]
[Result "1-0"]
[Round "04"]
[TimeControl "180+1"]
[Date "2022.10.19"]
[WhiteClock "0:00:37"]
[BlackClock "0:00:05"]

1. d4 Nf6 2. Bf4 e6 3. c3 d5 4. e3 Bd6 5. Bd3 c5 6. dxc5 Bxf4 7. exf4 Qc7 8. Ne2 Qxc5 9. Nd2 Nc6 10. Nb3 Qd6 11. O-O O-O 12. Qd2 Re8 13. Rad1 e5 14. fxe5 Nxe5 15. Nbd4 Bg4 16. f3 Bh5 17. Nf4 Nxd3 18. Nxd3 Bg6 19. Nf2 Rad8 20. Rfe1 a6 21. Nh3 Qd7 22. Nf4 Rxe1+ 23. Rxe1 Re8 24. h4 Rxe1+ 25. Qxe1 Qd6 26. Qe3 h6 27. g4 Bb1 28. a3 Kh7 29. Qc1 g6 30. Nde2 Ba2 31. h5 g5 32. Nd3 Bc4 33. Qe3 Bxd3 34. Qxd3+ Kg7 35. Qd4 Qe6 36. Kf2 Kg8 37. Ng3 Nd7 38. Nf5 Qe5 39. Nxh6+ Kf8 40. Qxe5 Nxe5 41. b3 Nd3+ 42. Ke3 Nc5 43. b4 Ne6 44. Nf5 Kg8 45. Ne7+ Kg7 46. Nxd5 Kh6 47. Ne7 Nf4 48. Nf5+ Kh7 49. c4 Ne6 50. c5 f6 51. Nd6 1-0


[Site "https://www.chess.com"]

[Event "Titled Tuesday Blitz October 18 Late 2022"]
[White "Hemam, Moulaye Brahim"]
[Black "Antonio, Jorge Carlos"]
[WhiteFideId "19600054"]
[BlackFideId "113190"]
[WhiteElo "2088"]
[BlackElo "2247"]
[Result "1/2-1/2"]
[Round "04"]
[TimeControl "180+1"]
[Date "2022.10.19"]
[WhiteClock "0:01:32"]
[BlackClock "0:01:48"]

1. e4 c5 2. Nf3 e6 3. c4 Nc6 4. Nc3 a6 5. d3 g6 6. Be3 Bg7 7. Bxc5 Nf6 8. Be3 O-O 9. h3 d5 10. cxd5 exd5 11. exd5 Nxd5 12. Nxd5 Qxd5 13. Qd2 Bf5 14. Be2 Rad8 15. d4 Nxd4 16. Nxd4 Bxd4 17. Bxd4 Qxd4 18. Qxd4 Rxd4 19. Rd1 Re4 20. Kf1 Rfe8 21. Bd3 R4e5 22. Bxf5 Rxf5 23. g3 Rc8 24. Rd2 Rfc5 25. Kg2 Rc2 26. Rhd1 Kg7 27. Kf3 Rxd2 28. Rxd2 h5 1/2-1/2


[Site "https://www.chess.com"]

[Event "Titled Tuesday Blitz October 18 Late 2022"]
[White "Hoffmann, Asa"]
[Black "Przybylski, Wojciech"]
[WhiteFideId "2001470"]
[BlackFideId "1117599"]
[WhiteElo "2117"]
[BlackElo "2221"]
[Result "0-1"]
[Round "04"]
[TimeControl "180+1"]
[Date "2022.10.19"]
[WhiteClock "0:00:10"]
[BlackClock "0:00:03"]

1. d4 Nf6 2. Bg5 e6 3. Nd2 c5 4. e3 h6 5. Bh4 b6 6. Bd3 Bb7 7. Ngf3 g5 8. Bg3 g4 9. Nh4 Be7 10. O-O h5 11. f4 Nd5 12. Qe1 Nxe3 13. Ng6 Nxg2 14. Qe2 Bf6 15. Be4 Bxd4+ 16. Kxg2 d5 17. Nxh8 dxe4 18. Nxe4 f5 19. h4 Bxe4+ 20. Kh2 Bxh8 21. Rad1 Nd7 22. Qb5 Qc7 23. Rfe1 Rd8 24. Qc4 Qc6 25. c3 Ke7 26. Bf2 Bf6 27. Kg3 Nf8 28. Rxd8 Kxd8 29. Rd1+ Ke7 30. a4 Ng6 31. Be3 Bxh4+ 32. Kh2 Bf6 33. Qa6 Qb7 34. Qxb7+ Bxb7 35. a5 h4 36. axb6 axb6 37. Ra1 Kd6 38. b4 h3 39. bxc5+ bxc5 40. Rb1 Bc6 41. c4 Bd4 42. Rd1 e5 43. fxe5+ Kxe5 44. Bxd4+ cxd4 45. Re1+ Be4 46. c5 f4 47. c6 Kd6 48. Rxe4 Kxc6 49. Rxd4 Kc5 50. Rd1 Ne5 51. Rf1 Nf3+ 52. Kh1 Kd4 53. Rf2 Ke3 54. Rb2 Nd4 55. Rb1 Kf2 56. Rb2+ Kf3 57. Rb1 Nc2 58. Rf1+ Ke4 59. Rg1 Ne3 60. Re1 g3 61. Rg1 Kf3 62. Re1 Kg4 63. Rg1 Nf5 64. Rf1 Nd4 65. Rg1 g2+ 66. Kh2 Nf3# 0-1


[Site "https://www.chess.com"]

[Event "Titled Tuesday Blitz October 18 Late 2022"]
[White "Holt, Conrad"]
[Black "Eisa Mohmood, Alkhoori"]
[WhiteFideId "2034387"]
[BlackFideId "9316116"]
[WhiteElo "2592"]
[BlackElo "1245"]
[Result "1-0"]
[Round "04"]
[TimeControl "180+1"]
[Date "2022.10.18"]
[WhiteClock "0:02:53"]
[BlackClock "0:01:38"]

1. d4 Nf6 2. c4 g6 3. Nc3 d6 4. Nf3 Bg7 5. e4 O-O 6. h3 e5 7. dxe5 dxe5 8. Qxd8 Rxd8 9. Bg5 Re8 10. Nd5 Nxd5 11. cxd5 c6 12. Bc4 b5 13. Bb3 a5 14. a3 Bb7 15. Rc1 h6 16. Be3 cxd5 17. Rc7 dxe4 18. Bxf7+ Kf8 19. Bc5+ 1-0


[Site "https://www.chess.com"]

[Event "Titled Tuesday Blitz October 18 Late 2022"]
[White "Ibadov, Dashgyn"]
[Black "Bach, Matthias"]
[WhiteFideId "24107514"]
[BlackFideId "4603168"]
[WhiteElo "2208"]
[BlackElo "2165"]
[Result "1-0"]
[Round "04"]
[TimeControl "180+1"]
[Date "2022.10.19"]
[WhiteClock "0:01:13"]
[BlackClock "0:00:49"]

1. e4 e5 2. Nf3 Nc6 3. d4 exd4 4. Nxd4 Nf6 5. Nc3 Bb4 6. Nxc6 bxc6 7. Bd3 d5 8. exd5 cxd5 9. O-O O-O 10. h3 c6 11. Qf3 h6 12. Bf4 Bd6 13. Ne2 Re8 14. Rad1 Be6 15. Nd4 Qc7 16. Bxh6 Be5 17. Be3 c5 18. Nxe6 Rxe6 19. c4 Bxb2 20. cxd5 Ree8 21. d6 Qd8 22. d7 Re7 23. Bc4 Rb8 24. Bxc5 Rxd7 25. Bb3 Be5 26. Bxa7 Rbb7 27. Bc5 Bb8 28. Qxb7 1-0


[Site "https://www.chess.com"]

[Event "Titled Tuesday Blitz October 18 Late 2022"]
[White "Ismayil, Malak"]
[Black "Hirneise, Jens"]
[WhiteFideId "13412604"]
[BlackFideId "24614734"]
[WhiteElo "1879"]
[BlackElo "2344"]
[Result "0-1"]
[Round "04"]
[TimeControl "180+1"]
[Date "2022.10.19"]
[WhiteClock "0:00:01"]
[BlackClock "0:00:06"]

1. e4 c5 2. Nf3 d6 3. Bb5+ Nd7 4. O-O Nf6 5. Re1 e6 6. d4 cxd4 7. Nxd4 Be7 8. c4 O-O 9. Bxd7 Bxd7 10. Nc3 a6 11. b3 Qa5 12. Bb2 b5 13. Qd3 bxc4 14. Qxc4 Rfc8 15. Qd3 Ng4 16. h3 Ne5 17. Qd2 Nc6 18. Nxc6 Bxc6 19. Rad1 Qd8 20. Ba3 Qa5 21. Nb1 Qh5 22. Bxd6 Rd8 23. e5 Qg6 24. f4 Bxd6 25. exd6 Rxd6 26. Qf2 Rd3 27. Rxd3 Qxd3 28. Qd2 Qxd2 29. Nxd2 Bd5 30. Rc1 a5 31. Rc2 h6 32. Kf2 g5 33. g3 gxf4 34. gxf4 Kg7 35. Ke3 Kf6 36. Nf3 a4 37. b4 a3 38. Ne5 Ra4 39. Nd3 Ra8 40. Kd4 Kf5 41. Ke3 Rb8 42. Kd4 f6 43. Rf2 Rc8 44. Rd2 Rc4+ 45. Ke3 Rc3 46. Kd4 Rc4+ 47. Ke3 Re4+ 48. Kf2 h5 49. Rc2 h4 50. b5 Rd4 51. Nc5 Rb4 52. Nd7 Rxb5 53. Rd2 Rb2 0-1


[Site "https://www.chess.com"]

[Event "Titled Tuesday Blitz October 18 Late 2022"]
[White "Itkis, Boris"]
[Black "Martin Carmona, Gaston Manuel"]
[WhiteFideId "1209167"]
[BlackFideId "22284567"]
[WhiteElo "2232"]
[BlackElo "2235"]
[Result "1-0"]
[Round "04"]
[TimeControl "180+1"]
[Date "2022.10.19"]
[WhiteClock "0:00:11"]
[BlackClock "0:00:20"]

1. c4 Nf6 2. Nf3 g6 3. g3 Bg7 4. Bg2 O-O 5. d4 d5 6. cxd5 Nxd5 7. O-O Nc6 8. Nc3 Nb6 9. e3 a5 10. a3 Re8 11. Qc2 Bf5 12. e4 Bg4 13. d5 Bxf3 14. Bxf3 Nd4 15. Qd1 Nxf3+ 16. Qxf3 e6 17. Be3 Nc4 18. Rad1 Nxb2 19. dxe6 Qf6 20. exf7+ Qxf7 21. Qxf7+ Kxf7 22. Rd7+ Re7 23. Rxe7+ Kxe7 24. Nd5+ Kd7 25. Rc1 Rc8 26. Bf4 Bf8 27. Bxc7 Ke6 28. Rc3 Na4 29. Rf3 Bg7 30. Rb3 Nc5 31. Rb6+ Kd7 32. Rd6+ Ke8 33. Bxa5 Be5 34. Rb6 Kf7 35. Bc3 Bxc3 36. Nxc3 Rc7 37. Nd5 Rd7 38. Rf6+ Kg7 39. Rf4 Ne6 40. Rf3 Nd4 41. Rd3 Nc2 42. f4 b5 43. Kf1 Ra7 44. Rb3 Nxa3 45. Nc3 Ra4 46. Nxa4 1-0


[Site "https://www.chess.com"]

[Event "Titled Tuesday Blitz October 18 Late 2022"]
[White "Izuzquiza Gonzalez, Javier"]
[Black "Floresvillar Gonzalez, Luis Migu"]
[WhiteFideId "3101029"]
[BlackFideId "5100542"]
[WhiteElo "2034"]
[BlackElo "2040"]
[Result "0-1"]
[Round "04"]
[TimeControl "180+1"]
[Date "2022.10.19"]
[WhiteClock "0:00:20"]
[BlackClock "0:00:34"]

1. d4 e6 2. c4 d5 3. Nf3 Bb4+ 4. Bd2 Bxd2+ 5. Nbxd2 Nf6 6. g3 O-O 7. Bg2 c6 8. O-O Nbd7 9. Qc2 Re8 10. Rad1 e5 11. e4 dxe4 12. Nxe4 Nxe4 13. Qxe4 exd4 14. Qxd4 Qf6 15. Qd2 Nb6 16. b3 Bg4 17. c5 Rad8 18. Qc2 Rxd1 19. Qxd1 Nd5 20. h3 Bh5 21. g4 Bg6 22. Re1 Rxe1+ 23. Qxe1 h6 24. Qa5 a6 25. Qe1 Nf4 26. Qe8+ Kh7 27. Ne5 Nxg2 28. Kxg2 h5 29. Nxg6 Qxg6 30. Qd7 hxg4 31. Qxg4 Kh6 32. Kg3 Qg5 33. b4 f5 34. Qxg5+ Kxg5 35. f4+ Kf6 36. Kf3 Ke6 37. Ke3 Kd5 38. Kd3 a5 39. a3 a4 40. h4 g6 41. Kc3 Ke4 42. Kc4 Kxf4 43. b5 Kg3 44. h5 gxh5 45. Kb4 h4 0-1


[Site "https://www.chess.com"]

[Event "Titled Tuesday Blitz October 18 Late 2022"]
[White "Jaferian, Koosha"]
[Black "Pultinevicius, Paulius"]
[WhiteFideId "12507440"]
[BlackFideId "12809390"]
[WhiteElo "2127"]
[BlackElo "2500"]
[Result "0-1"]
[Round "04"]
[TimeControl "180+1"]
[Date "2022.10.18"]
[WhiteClock "0:00:03"]
[BlackClock "0:00:22"]

1. e4 c5 2. Nc3 e6 3. f4 d5 4. Nf3 dxe4 5. Nxe4 Nf6 6. Nxf6+ Qxf6 7. g3 Nc6 8. Bg2 Bd6 9. O-O O-O 10. d3 Rb8 11. a4 b6 12. Nd2 Bb7 13. Nc4 Bc7 14. Be3 Rfd8 15. Qe1 Nb4 16. Qf2 Ba6 17. b3 Nd5 18. Bd2 Bb7 19. Rae1 a6 20. Ne5 Bd6 21. Nc4 Bf8 22. Ne5 Ba8 23. f5 exf5 24. Qxf5 Qxf5 25. Rxf5 f6 26. Nc4 b5 27. axb5 axb5 28. Ne3 Nb4 29. Bxa8 Rxa8 30. Bxb4 cxb4 31. Rxb5 Rdc8 32. Nc4 Ra2 33. Re2 Rc7 34. Rb8 Kf7 35. Kg2 Bc5 36. Rb5 h5 37. d4 Bxd4 38. Rxb4 Bc5 39. Rb5 g5 40. Ra5 Rxa5 41. Nxa5 g4 42. Nc4 Ra7 43. h3 Kg6 44. hxg4 hxg4 45. Re4 Kf5 46. Rf4+ Kg5 47. Re4 f5 48. Re8 Ra2 49. Rg8+ Kf6 50. Rc8 Rxc2+ 51. Kf1 Bd4 52. Rc6+ Kg5 53. Rc8 Rc3 54. Nd6 Rxg3 55. Rg8+ Kf4 56. Rf8 Rf3+ 57. Kg2 Rf2+ 58. Kh1 Ke5 59. Nc4+ Ke4 60. Nd6+ Ke5 61. Nc4+ Kd5 62. Rd8+ Ke4 63. Re8+ Kf3 64. Rf8 Rf1+ 65. Kh2 g3+ 66. Kh3 Rh1# 0-1


[Site "https://www.chess.com"]

[Event "Titled Tuesday Blitz October 18 Late 2022"]
[White "Jean Louis, Marckens"]
[Black "Mohammadian, Mohammad"]
[WhiteFideId "11900270"]
[BlackFideId "12566055"]
[WhiteElo "2030"]
[BlackElo "1489"]
[Result "1-0"]
[Round "04"]
[TimeControl "180+1"]
[Date "2022.10.19"]
[WhiteClock "0:02:10"]
[BlackClock "0:00:36"]

1. d4 Nf6 2. Nf3 g6 3. c4 Bg7 4. Nc3 d5 5. cxd5 Nxd5 6. e4 Nxc3 7. bxc3 O-O 8. Be2 c5 9. O-O Nc6 10. Be3 cxd4 11. cxd4 e6 12. d5 exd5 13. exd5 Ne5 14. Nxe5 Bxe5 15. Bf3 Bxa1 16. Qxa1 f6 17. Rd1 Kg7 18. d6 Qd7 19. h3 h6 20. a4 Qf5 21. d7 Bxd7 22. Bg4 Qe5 23. Rxd7+ Kh8 24. Bd4 Qf4 25. g3 Qg5 26. f4 Qa5 27. Bxf6+ Kg8 28. Be6+ 1-0


[Site "https://www.chess.com"]

[Event "Titled Tuesday Blitz October 18 Late 2022"]
[White "Jimenez Fernandez, Rebeca"]
[Black "Harish, Neeraj"]
[WhiteFideId "32070934"]
[BlackFideId "30958130"]
[WhiteElo "1946"]
[BlackElo "1815"]
[Result "1-0"]
[Round "04"]
[TimeControl "180+1"]
[Date "2022.10.19"]
[WhiteClock "0:01:04"]
[BlackClock "0:00:10"]

1. e4 c5 2. Nc3 Nc6 3. g3 g6 4. Bg2 Bg7 5. d3 d6 6. Be3 e5 7. Qd2 h6 8. f4 Nge7 9. Nf3 Be6 10. O-O exf4 11. Bxf4 Qd7 12. Rae1 Nd4 13. Nd5 O-O-O 14. Qa5 Ndc6 15. Nxe7+ Qxe7 16. Qa3 g5 17. Be3 Kb8 18. e5 dxe5 19. Bxc5 Qc7 20. Nd2 Bd5 21. Ne4 Bxe4 22. Bxe4 Nd4 23. Qxa7+ Kc8 24. Bb6 Qb8 25. Qxb8+ Kxb8 26. Bxd8 1-0


[Site "https://www.chess.com"]

[Event "Titled Tuesday Blitz October 18 Late 2022"]
[White "Jimenez Jimenez, Leandro"]
[Black "Leenhouts, Koen"]
[WhiteFideId "6415253"]
[BlackFideId "1008439"]
[WhiteElo "2217"]
[BlackElo "2409"]
[Result "0-1"]
[Round "04"]
[TimeControl "180+1"]
[Date "2022.10.19"]
[WhiteClock "0:00:19"]
[BlackClock "0:00:18"]

1. d4 Nf6 2. c4 e6 3. Nf3 Bb4+ 4. Bd2 Qe7 5. Nc3 O-O 6. g3 Bxc3 7. Bxc3 Nc6 8. Bg2 Ne4 9. Qc2 Nxc3 10. Qxc3 d6 11. O-O Bd7 12. Rfd1 Rae8 13. Rac1 e5 14. dxe5 Nxe5 15. Nxe5 Qxe5 16. Qxe5 Rxe5 17. e3 b6 18. b4 Be6 19. a3 f6 20. Rc3 Kf7 21. Bc6 Bh3 22. Bd5+ Be6 23. Bc6 Bh3 24. Bd5+ Kg6 25. Rd4 h5 26. Be4+ Bf5 27. Bxf5+ Kxf5 28. c5 dxc5 29. bxc5 Rxc5 30. Rxc5+ bxc5 31. Rd5+ Ke6 32. Rxc5 Kd6 33. Rxh5 Rb8 34. Ra5 c5 35. Kf1 Rb2 36. Ke1 c4 37. Rxa7 c3 38. Rxg7 Rb1+ 39. Ke2 c2 40. Rf7 c1=Q 41. Rxf6+ Ke7 42. Rf4 Qd1# 0-1


[Site "https://www.chess.com"]

[Event "Titled Tuesday Blitz October 18 Late 2022"]
[White "Kaganskiy, Gleb"]
[Black "Pham, Khoi"]
[WhiteFideId "4132025"]
[BlackFideId "1054988"]
[WhiteElo "2165"]
[BlackElo "2452"]
[Result "0-1"]
[Round "04"]
[TimeControl "180+1"]
[Date "2022.10.19"]
[WhiteClock "0:00:50"]
[BlackClock "0:01:33"]

1. e4 e6 2. d4 d5 3. Nd2 c5 4. exd5 Qxd5 5. Ngf3 cxd4 6. Bc4 Qd6 7. O-O Nf6 8. Re1 Nc6 9. Ne4 Nxe4 10. Rxe4 Be7 11. Nxd4 O-O 12. Bf4 Qc5 13. Nb3 Qb6 14. Qh5 g6 15. Qh6 Rd8 16. h4 Bf8 17. Qg5 Bg7 18. Be3 Qc7 19. Bf4 Qb6 20. Be3 Qc7 21. Bf4 e5 22. Bd2 Bf5 23. Re2 Nd4 24. Nxd4 Qxc4 25. Nxf5 Qxe2 26. Nxg7 Qxd2 0-1


[Site "https://www.chess.com"]

[Event "Titled Tuesday Blitz October 18 Late 2022"]
[White "Kanakaris, Georgios"]
[Black "Tsyhanchuk, Stanislav"]
[WhiteFideId "4209460"]
[BlackFideId "13505130"]
[WhiteElo "2291"]
[BlackElo "2173"]
[Result "1-0"]
[Round "04"]
[TimeControl "180+1"]
[Date "2022.10.19"]
[WhiteClock "0:00:18"]
[BlackClock "0:00:07"]

1. d4 Nf6 2. Nf3 e6 3. g3 c5 4. Bg2 b5 5. O-O Bb7 6. a4 b4 7. Bg5 Be7 8. Nbd2 cxd4 9. Nxd4 Bxg2 10. Kxg2 O-O 11. e4 d5 12. exd5 Nxd5 13. Bxe7 Qxe7 14. Qf3 Nd7 15. Rfe1 Qc5 16. N2b3 Qc7 17. h4 Rac8 18. h5 h6 19. a5 Nc5 20. Re2 Nxb3 21. Nxb3 Rfd8 22. Rh1 Qe7 23. Rh4 Rc6 24. Rd4 Qc7 25. Qd3 Rc8 26. Rg4 Rxc2 27. Qd4 f5 28. Rxc2 fxg4 29. Rxc7 Rxc7 30. Qe4 Kf7 31. Qg6+ Ke7 32. Nd4 Rc8 33. Qxe6+ Kd8 34. Qxd5+ Kc7 35. Qc5+ Kb7 36. a6+ Kb8 37. Nc6+ Kc7 38. Ne7+ Kd7 39. Nxc8 g5 40. Nxa7 b3 41. Nb5 Ke6 42. a7 Kd7 43. a8=Q Ke6 44. Qad5+ Kf6 45. Qcd6+ Kg7 46. Q5e5+ Kh7 47. Qee7+ Kg8 48. Qdd8# 1-0


[Site "https://www.chess.com"]

[Event "Titled Tuesday Blitz October 18 Late 2022"]
[White "Kanter, Eduard"]
[Black "Melikyan, Gnel"]
[WhiteFideId "4103963"]
[BlackFideId "54109990"]
[WhiteElo "2267"]
[BlackElo "2138"]
[Result "1/2-1/2"]
[Round "04"]
[TimeControl "180+1"]
[Date "2022.10.19"]
[WhiteClock "0:00:27"]
[BlackClock "0:01:22"]

1. d4 Nf6 2. c4 g6 3. Nc3 Bg7 4. e4 d6 5. Be2 O-O 6. Nf3 e5 7. Be3 Ng4 8. Bg5 f6 9. Bh4 g5 10. Bg3 Nc6 11. d5 Ne7 12. Nxg5 Nxf2 13. Bxf2 fxg5 14. O-O Ng6 15. Bg4 Bxg4 16. Qxg4 Qe7 17. Be3 Rf4 18. Qe2 b6 19. g3 Rxf1+ 20. Rxf1 h6 21. Qg4 Rf8 22. Rxf8+ Nxf8 23. Qf5 a6 24. Kg2 Nd7 25. Qe6+ Kf8 26. Qxe7+ Kxe7 27. Kf3 Bf6 28. Kg4 Kf7 29. h4 Kg6 30. h5+ Kf7 31. b4 Bd8 32. Kf3 Nf6 33. g4 Nd7 34. Ne2 Be7 35. Ng3 Bf8 36. Ne2 Ke8 37. Nc1 Kd8 38. Nb3 Kc8 39. a4 Be7 40. b5 a5 41. Nd2 Bf8 1/2-1/2


[Site "https://www.chess.com"]

[Event "Titled Tuesday Blitz October 18 Late 2022"]
[White "Karas, Marek"]
[Black "Korchmar, Vasiliy"]
[WhiteFideId "14928558"]
[BlackFideId "24131750"]
[WhiteElo "2539"]
[BlackElo "2715"]
[Result "1/2-1/2"]
[Round "04"]
[TimeControl "180+1"]
[Date "2022.10.19"]
[WhiteClock "0:00:21"]
[BlackClock "0:00:03"]

1. b3 d5 2. Bb2 Bg4 3. Nf3 Nf6 4. e3 e6 5. Be2 Bd6 6. O-O O-O 7. Ne5 Bxe2 8. Qxe2 c5 9. d3 Qc7 10. f4 Nbd7 11. Nxd7 Nxd7 12. Nd2 e5 13. f5 e4 14. dxe4 Bxh2+ 15. Kh1 dxe4 16. Nxe4 Rfe8 17. Qg4 Be5 18. Bxe5 Qxe5 19. Rad1 Nf8 20. Ng3 Qxe3 21. Nh5 Qh6 22. Kg1 Rad8 23. Rxd8 Rxd8 24. Re1 Rd4 25. Qf3 Qd2 26. Qg3 Qh6 27. Qf3 Qd2 28. Qg3 Qh6 29. Qf3 1/2-1/2


[Site "https://www.chess.com"]

[Event "Titled Tuesday Blitz October 18 Late 2022"]
[White "Keymer, Vincent"]
[Black "Timmermans, Mark"]
[WhiteFideId "12940690"]
[BlackFideId "1026399"]
[WhiteElo "2600"]
[BlackElo "2460"]
[Result "0-1"]
[Round "04"]
[TimeControl "180+1"]
[Date "2022.10.18"]
[WhiteClock "0:00:01"]
[BlackClock "0:01:01"]

1. c3 Nf6 2. d4 e6 3. Nf3 d5 4. Bf4 Bd6 5. e3 c5 6. Bb5+ Nc6 7. Bg3 Ne4 8. Nbd2 Nxg3 9. hxg3 Bd7 10. Qe2 Qb6 11. Rb1 c4 12. Ba4 Qa5 13. Bc2 Qxa2 14. e4 O-O-O 15. O-O Qa5 16. Ra1 Qb6 17. Rfb1 Na5 18. b3 cxb3 19. Nxb3 Bb5 20. Qe1 Nxb3 21. Rxb3 a6 22. Bd3 dxe4 23. Bxb5 axb5 24. Qxe4 Qc6 25. Qd3 Qc4 26. Qb1 b4 27. cxb4 Kd7 28. Re3 Ra8 29. Rxa8 Rxa8 30. Qxh7 Ra1+ 31. Kh2 Qf1 32. Kh3 Qxf2 33. Qxg7 Rh1+ 34. Nh2 Qxe3 35. Qxf7+ Kc6 36. Qe8+ Kb6 37. Qd8+ Bc7 38. Qe7 Qxg3# 0-1


[Site "https://www.chess.com"]